 Dungeon Crawl Stone Soup version 0.28.0-53-g5a82cb258f (webtiles) character file.

Game seed: 5858797220218285279

4424 VictoriousLee the Frost Mage (level 10, -4/103 HPs)
             Began as a White Draconian Conjurer on June 23, 2022.
             Was a Follower of Vehumet.
             Slain by a centaur warrior (10 damage)
             ... on level 10 of the Dungeon.
             The game lasted 00:51:17 (8743 turns).

VictoriousLee the Frost Mage (DrCj)                 Turns: 8743, Time: 00:51:17

Health: -4/103     AC: 25    Str: 10    XL:     10   Next: 14%
Magic:  14/18      EV:  2    Int: 22    God:    Vehumet [*.....]
Gold:   312        SH:  0    Dex: 10    Spells: 9/20 levels left

rFire   . . .      SeeInvis .   s - +1 mace (protect)
rCold   . . .      Faith    .   (no shield)
rNeg    . . .      Spirit   .   (armour unavailable)
rPois   +          Reflect  .   (helmet currently unavailable)
rElec   .          Harm     .   (cloak currently unavailable)
rCorr   +          Rampage  .   (gloves currently unavailable)
Will    +....      NoTele   +   (boots currently unavailable)
Stlth   ++........              q - amulet of regeneration
HPRegen 1.07/turn               c - ring of resist corrosion
MPRegen 0.16/turn               B - ring of willpower

@: tree-form
A: stationary, stasis, torment immunity, boosted hp, (breathe frost), AC +7,
unfitting armour, (cold resistance 1), (cold-blooded)
a: Renounce Religion


You were on level 10 of the Dungeon.
You worshipped Vehumet.
Vehumet was aware of your devotion.
You were a tree.
You visited 2 branches of the dungeon, and saw 11 of its levels.

You collected 312 gold pieces.

Inventory:

Hand Weapons
 b - a +0 trident
 e - a +2 vampiric dagger
 s - a +1 mace of protection (weapon)
 D - a +0 vorpal long sword
 F - a +2 trident
 G - a +2 hand axe
 H - a +2 dagger
 J - a +3 short sword
Missiles
 a - 316 stones
 h - 4 silver javelins
 n - 6 boomerangs
 o - 6 poisoned darts
 x - 2 throwing nets
 z - 90 arrows
Armour
 j - a +0 pair of boots (melded)
 p - a +0 tower shield
 r - a +0 pair of gloves (melded)
 w - an orb of wrath
 y - a +0 cloak (melded)
Magical Staves
 v - a staff of death
Jewellery
 c - a ring of resist corrosion (left branch)
 q - an amulet of regeneration (around neck)
 B - a ring of willpower (right branch)
Wands
 C - a wand of polymorph (9)
Scrolls
 d - 2 scrolls of teleportation
 g - a scroll of magic mapping {unknown}
 k - a scroll of vulnerability
 l - 2 scrolls of blinking
 u - a scroll of torment {unknown}
 A - a scroll of fear {unknown}
Potions
 f - 2 potions of heal wounds {unknown}
 i - a potion of invisibility
 m - a potion of haste
 E - 2 potions of curing
 I - a potion of ambrosia


   Skills:
 - Level 0.2 Short Blades
 - Level 0.4 Polearms
 - Level 1.7 Dodging
 - Level 1.7 Stealth
 + Level 5.5 Spellcasting
 - Level 10.0 Conjurations
 - Level 3.0 Hexes
 * Level 11.3 Ice Magic


You had 9 spell levels left.
You knew the following spells:

 Your Spells              Type           Power      Damage    Failure   Level
a - Magic Dart            Conj           100%       1d8       1%          1
f - Fulminant Prism       Conj/Hex       17%        3d11      7%          4
h - Hailstorm             Conj/Ice       52%        3d12      1%          4
s - Searing Ray           Conj           100%       2d8       1%          2

Your spell library contained the following spells:

 Spells                   Type           Power      Damage    Failure   Level
 Foxfire                  Conj/Fire      100%       2x1d9     1%          1
 Dazzling Flash           Conj/Hex       68%        N/A       1%          3
 Ice Form                 Ice/Tmut       31%        N/A       10%         4
 Iskenderun's Mystic Bla  Conj/Tloc      28%        2d7       12%         4
 Corpse Rot               Necr/Air       12%        N/A       14%         2
 Inner Flame              Hex/Fire       12%        N/A       16%         3
 Gell's Gravitas          Tloc           6%         N/A       28%         3
 Lesser Beckoning         Tloc           6%         N/A       28%         3
 Teleport Other           Tloc           6%         N/A       28%         3
 Cause Fear               Hex            9%         N/A       28%         4
 Dispel Undead            Necr           6%         3d8       67%         4
 Simulacrum               Ice/Necr       15%        N/A       82%         6
 Death Channel            Necr           3%         N/A       100%        6
 Discord                  Hex            9%         N/A       100%        8


Dungeon Overview and Level Annotations

Branches:
Dungeon (10/15)            Temple (1/1) D:4
   Lair: D:8-11         Orc: D:9-12

Altars:
Ashenzari
Cheibriados
Dithmenos
Elyvilon
Fedhas
Gozag
Hepliaklqana
Kikubaaqudgha
Makhleb
Nemelex Xobeh
Okawaru
Qazlal
Sif Muna
Trog
Uskayaw
Vehumet
Wu Jian
Xom
The Shining One

Shops:
D:3 ?   D:6 (   D:7 (

Annotations:
D:8 Harold


Innate Abilities, Weirdness & Mutations

You are a tree.
Your roots penetrate the ground, keeping you stationary.
You cannot be teleported.
You are immune to unholy pain and torment.
Your maximum health is greatly increased.
Your equipment is partially melded.
((You can breathe waves of freezing cold which knock back foes.))
((Your icy white scales are hard. (AC +7)))
You cannot fit into any form of body armour.
((Your flesh is cold resistant. (rC+)))
((You are cold-blooded and may be slowed by cold attacks.))


Message History

There is an open door here.
A centaur warrior comes into view.
The centaur warrior shouts!
The centaur warrior wields a +4 longbow of flaming.
It bursts into flame!
The centaur warrior shoots an arrow.
The arrow hits you! The arrow burns you.
The centaur warrior shoots an arrow.
The arrow hits you!! The arrow burns you.
The centaur warrior shoots an arrow.
The arrow barely misses you.
There is an open door here.
You close the door.
Really quaff the potion of lignification?
You turn into a tree.
Your +0 cloak melds into your body.
Your +0 pair of gloves melds into your body.
Your +0 pair of boots melds into your body.
Your roots penetrate the ground.
A centaur warrior breaks down the door.
The centaur warrior shoots an arrow.
The arrow hits you. The arrow burns you.
Casting: Searing Ray (safe; 1% risk of failure)
Confirm with . or Enter, or press ? or * to list all spells.
Aiming: Searing Ray (safe; 1% risk of failure)
Press: ? - help, Shift-Dir - straight line, f - centaur warrior
Aim: a centaur warrior, wielding a +4 longbow of flaming and quivering arrows (87% to hit)
The searing ray hits the centaur warrior.
The centaur warrior is lightly wounded. (Press . to maintain the ray.)
The centaur warrior shoots an arrow.
The arrow hits you!
* * * LOW HITPOINT WARNING * * *
The arrow burns you.
* * * LOW HITPOINT WARNING * * *
The searing ray hits the centaur warrior!
The centaur warrior is moderately wounded.
The centaur warrior shoots an arrow.
The arrow hits you!
* * * LOW HITPOINT WARNING * * *
The arrow burns you.
* * * LOW HITPOINT WARNING * * *
The searing ray hits the centaur warrior!
The centaur warrior is heavily wounded.
The centaur warrior unwields a +4 longbow of flaming.
It stops flaming.
The centaur warrior hits you!
You die...

#.# #.......# #.#
#.......' #$# #.......#
#.# #####'### #.# #..#
#.# ##.## #.# #...
####c## ######.
####..♣..########......
#..'.....##............
#.##.....'..#####......
####.....#### #......
##'#### #...... #.#
#...... #.# ####.##
#.### ###.## #...#
###.....


You could see a centaur warrior.

Vanquished Creatures
  2 two-headed ogres
  A gargoyle (D:10)
  A komodo dragon (D:10)
  A troll (D:10)
  A steam dragon (D:10)
  An orc warrior (D:6)
  A sky beast (D:7)
  A black bear (D:4)
  A necrophage (D:4)
  2 ogres
  4 centaurs
  A phantom (D:4)
  Blork the orc (D:6)
  2 kobold brigands
  2 bullfrogs (D:7)
  A water moccasin skeleton (D:7)
  A wyvern skeleton (D:7)
  A killer bee (D:8)
  13 wights
  A centaur zombie (D:7)
  2 jellies
  An orc priest (D:10)
  2 hounds (D:5)
  3 orc wizards
  A hound zombie (D:5)
  A howler monkey zombie (D:10)
  Robin (D:3)
  5 adders
  5 gnolls
  2 worms
  4 dart slugs
  8 orcs
  6 endoplasms
  4 giant cockroaches
  12 goblins
  7 hobgoblins
  4 jackals (D:4)
  6 quokkas
  5 ball pythons
  2 bats (D:1)
  3 frilled lizards
  13 kobolds
  5 rats
141 creatures vanquished.

Vanquished Creatures (others)
  16 fulminant prisms
  15 fungi (D:9)
  23 plants (D:9)
54 creatures vanquished.

Grand Total: 195 creatures vanquished

Notes
Turn   | Place    | Note
-------+----------+-------------------------------------------
     0 | D:1      | VictoriousLee the Draconian Conjurer began the quest for
                  | the Orb.
     0 | D:1      | Reached XP level 1. HP: 14/14 MP: 3/3
   339 | D:1      | Reached XP level 2. HP: 20/20 MP: 1/5
  1169 | D:2      | Reached XP level 3. HP: 26/26 MP: 4/6
  1292 | D:2      | Learned a level 2 spell: Searing Ray
  1696 | D:3      | Found Weuhipna's Magic Scroll Emporium.
  1762 | D:3      | Reached skill level 5 in Conjurations
  1762 | D:3      | Reached XP level 4. HP: 33/33 MP: 4/8
  2073 | D:3      | Found a shadowy altar of Dithmenos.
  2171 | D:3      | Noticed Robin
  2240 | D:3      | Killed Robin
  2588 | D:3      | Found a burning altar of Makhleb.
  2693 | D:4      | Noticed a necrophage
  2715 | D:4      | Killed a necrophage
  2716 | D:4      | Reached XP level 5. HP: 36/38 MP: 1/9
  2813 | D:4      | Noticed a black bear
  2824 | D:4      | Killed a black bear
  2825 | D:4      | Reached XP level 6. HP: 40/45 MP: 2/10
  2894 | D:3      | Learned a level 4 spell: Fulminant Prism
  3440 | D:4      | Found a staircase to the Ecumenical Temple.
  3459 | Temple   | Entered the Ecumenical Temple
  3980 | D:5      | Entered Level 5 of the Dungeon
  4329 | D:5      | Found an ornate altar of the Wu Jian Council.
  4361 | D:5      | Your scales start taking on an icy white colour.
  4361 | D:5      | Reached XP level 7. HP: 50/50 MP: 7/11
  4361 | D:5      | Gained mutation: Your flesh is cold resistant. (rC+) [White
                  | Draconian growth]
  4533 | D:5      | Found a sparkling altar of Nemelex Xobeh.
  4856 | Temple   | Became a worshipper of Vehumet
  4968 | D:6      | Found Waorhy's Weapon Emporium.
  5106 | D:6      | Learned a level 4 spell: Hailstorm
  5203 | D:6      | Noticed a two-headed ogre
  5206 | D:6      | Noticed Blork the orc
  5224 | D:6      | Killed a two-headed ogre
  5225 | D:6      | Reached skill level 10 in Conjurations
  5225 | D:6      | Reached skill level 3 in Ice Magic
  5225 | D:6      | Reached XP level 8. HP: 10/57 MP: 0/12
  5239 | D:6      | HP: 1/57 [Blork the orc/puff of flame (7)]
  5335 | D:7      | Reached skill level 1 in Hexes
  5335 | D:7      | Reached skill level 4 in Ice Magic
  5776 | D:7      | Found a bloodstained altar of Trog.
  5781 | D:7      | Reached skill level 5 in Ice Magic
  5922 | D:7      | Found Zuosam's Weapon Emporium.
  6117 | D:7      | Reached skill level 6 in Ice Magic
  6210 | D:7      | Reached XP level 9. HP: 62/62 MP: 1/13
  6351 | D:7      | Reached skill level 7 in Ice Magic
  6722 | D:6      | Found a hazy altar of Hepliaklqana.
  6779 | D:6      | Killed Blork the orc
  6898 | D:8      | Reached * piety under Vehumet
  6898 | D:8      | Offered knowledge of Freeze by Vehumet.
  7001 | D:8      | Noticed Harold
  7019 | D:8      | Reached skill level 8 in Ice Magic
  7608 | D:10     | Entered Level 10 of the Dungeon
  7669 | D:10     | Reached skill level 9 in Ice Magic
  7756 | D:10     | Noticed a two-headed ogre
  7957 | D:10     | Killed a two-headed ogre
  7958 | D:10     | Reached skill level 10 in Ice Magic
  8065 | D:10     | Noticed a gargoyle
  8153 | D:10     | Killed a gargoyle
  8154 | D:10     | Reached skill level 5 in Spellcasting
  8210 | D:10     | Reached XP level 10. HP: 54/69 MP: 3/17
  8534 | D:10     | Reached skill level 11 in Ice Magic
  8647 | D:10     | Offered knowledge of Foxfire by Vehumet.
  8728 | D:10     | Noticed a centaur warrior
  8742 | D:10     | HP: 5/103 [centaur warrior/arrow (5)]
  8743 | D:10     | Slain by a centaur warrior

Illustrated notes

Levels and vault maps discovered:
D:1:      lemuel_arrival_cross, layout_basic
D:2:      layout_rooms
D:3:      layout_loops_cross, lightli_temple_of_fire,
          nicolae_dithmenos_the_darkroom, serial_shops,
          nicolae_shop_advertising_works [nicolae_subvault_shop_adworks],
          st_stairs_12, uniq_robin
D:4:      layout_loops_cross, minmay_temple_entry_antechambers
D:5:      layout_cave_pools, lemuel_round_altar, mainiacjoe_overflow_paths
D:6:      layout_loops_cross, nicolae_ru_sacrificial_ziggurat,
          marbit_many_paths, nzn_hepliaklqana_mist_gate, serial_shops,
          nicolae_shop_bloodbath_and_beyond, uniq_blork_the_orc
D:7:      layout_basic, mainiacjoe_overflow_cross_hatched, serial_shops,
          nicolae_inconvenience_store
D:8:      layout_loops_ring, general_overflow_altar, uniq_harold
D:9:      layout_basic, grunt_lair_entry_orc_guard_hut
D:10:     layout_roguey, grunt_ministairs_3, amcnicky_mini_corridor_feature
Temple:   nicolae_temple_figure_eight

Skill      XL: |  1  2  3  4  5  6  7  8  9 10 |
---------------+-------------------------------+-----
Conjurations   | 5 6 8 10 | 10.0
Spellcasting   | 3 5 |  5.5
Ice Magic      | 3 6 10 11 | 11.3
Hexes          | 3 |  3.0
Short Blades   | |  0.2
Polearms       | |  0.4
Dodging        | |  1.7
Stealth        | |  1.7

Action                   |  1- 3 |  4- 6 |  7- 9 | 10-12 || total
-------------------------+-------+-------+-------+-------++-------
Melee: Trident           |     9 |       |       |       ||     9
       Dagger            |    37 |    68 |       |       ||   105
       Tailslap          |     4 |    10 |     3 |       ||    17
       Punch             |     1 |     1 |     1 |       ||     3
       Mace              |       |    23 |    21 |     5 ||    49
Throw: Dart              |       |       |     1 |       ||     1
 Cast: Magic Dart        |    59 |    64 |    42 |     6 ||   171
       Searing Ray       |       |    16 |    41 |    10 ||    67
       Fulminant Prism   |       |       |    15 |     1 ||    16
       Hailstorm         |       |       |     2 |       ||     2
 Abil: Breathe Frost     |       |       |     5 |     2 ||     7
Evoke: Wand              |       |       |     1 |       ||     1
  Use: Potion            |       |       |     2 |     1 ||     3
       Scroll            |       |       |     8 |       ||     8
Armor: Skin              |    14 |    42 |    17 |     5 ||    78
Dodge: Dodged            |    19 |    58 |    53 |     6 ||   136
